 Dungeon Crawl Stone Soup version 0.20.0-7-g3b7b877 (webtiles) character file.

34 skittles the Firebug (level 3, 0/28 HPs)
             Began as a Draconian Fire Elementalist on May 29, 2017.
             Succumbed to an adder's poison
             ... on level 2 of the Dungeon.
             The game lasted 00:02:05 (778 turns).

skittles the Firebug (Draconian Fire Elementalist)   Turns: 778, Time: 00:02:06

Health: 0/28       AC:  5    Str: 10    XL:     3   Next: 14%
Magic:  0/6        EV: 18    Int: 16    God:
Gold:   35         SH:  0    Dex: 16    Spells: 5/6 levels left

rFire    . . .     SeeInvis .   c - +0 dagger
rCold    . . .     Gourm    .   (no shield)
rNeg     . . .     Faith    .   (armour unavailable)
rPois    .         Spirit   .   (helmet restricted)
rElec    .         Reflect  .   (no cloak)
rCorr    .         Harm     .   (no gloves)
MR       .....                  (no boots)
Stlth    +++.......             (no amulet)
Regen    0.1/turn               (no ring)
MPRegen  0.1/turn               (no ring)

@: agile, lethally poisoned (0 -> -11)
A: unfitting armour, cold-blooded, AC +5
a: no special abilities


You were on level 2 of the Dungeon.
You were not hungry.

You visited 1 branch of the dungeon, and saw 2 of its levels.

You collected 35 gold pieces.

Inventory:

Hand Weapons
 c - a +0 dagger (weapon)
Scrolls
 d - 2 scrolls of identify
 e - a scroll of amnesia
 i - a scroll of remove curse {unknown}
 j - a scroll of enchant armour {unknown}
 k - a scroll of enchant weapon {unknown}
 l - a scroll of teleportation {unknown}
 m - a scroll of fog {unknown}
Books
 a - a book of Flames

   Spells                             Type                      Level
   a - Flame Tongue                   Conjuration/Fire             1
   b - Throw Flame                    Conjuration/Fire             2
   c - Conjure Flame                  Conjuration/Fire             3
   d - Inner Flame                    Hexes/Fire                   3
   e - Sticky Flame                   Conjuration/Fire             4
   f - Fireball                       Conjuration/Fire             5
Comestibles
 b - a bread ration
 f - a meat ration
 h - a royal jelly


   Skills:
 + Level 1.2 Fighting
 + Level 2.1 Dodging
 - Level 1.7 Stealth
 - Level 2.0 Spellcasting
 + Level 1.7 Conjurations
 + Level 3.4 Fire Magic


You had 5 spell levels left.
You knew the following spells:

 Your Spells              Type           Power        Failure   Level  Hunger
a - Flame Tongue          Conj/Fire      #....        7%          1    #......


Dungeon Overview and Level Annotations

Branches:
Dungeon (2/15)

Altars:


Innate Abilities, Weirdness & Mutations

Your plain brown scales are hard. (AC +5)
You cannot fit into any form of body armour.
You are cold-blooded and may be slowed by cold attacks.


Message History

Casting: Flame Tongue
Confirm with . or Enter, or press ? or * to list all spells.
You don't have enough magic to cast that spell.
Unknown command.
You hit the adder.
You kill the adder!
You have reached level 3!
Your experience leads to an increase in your attributes!
Your base attributes are Str 10, Int 15, Dex 11.
Increase (S)trength, (I)ntelligence, or (D)exterity?
You feel clever.
Your scales feel tougher.
* * * LOW HITPOINT WARNING * * *
You feel sick.
Okay, then.
You aren't carrying any potions.
Unknown command.
As you read the scroll labeled ITENTE XIADIDU, it crumbles to dust.
It is a scroll of identify.
e - a scroll of amnesia You die...

.... #.......#### .
... #...........
..## .. #...........
.[...#.##...........
.....#.#....)#......
....................
.........#.†.#......
.#####.##...#...###
%#####@.##......#
.........##......#
.......#..#......#
...≈≈..##.#......#
..≈.(≈. #........#..
..≈..≈≈ ##.†........
≈..≈..≈ #.#<.......
≈⌠.≈... #.##.......
#.. .......


There were no monsters in sight!

Vanquished Creatures
  An adder (D:2)
  A dart slug (D:2)
  3 giant cockroaches
  4 goblins (D:1)
  4 hobgoblins
  2 bats (D:1)
  2 frilled lizards (D:1)
  3 kobolds (D:1)
  2 rats
22 creatures vanquished.

Notes
Turn   | Place    | Note
-------+----------+-------------------------------------------
     0 | D:1      | skittles the Draconian Fire Elementalist began the quest for the Orb.
     0 | D:1      | Reached XP level 1. HP: 14/14 MP: 3/3
   148 | D:1      | Reached XP level 2. HP: 21/22 MP: 3/5
   744 | D:2      | Reached skill level 1 in Fighting
   776 | D:2      | HP: 1/23 [poisoned by an adder]
   777 | D:2      | Reached XP level 3. HP: 2/28 MP: 0/6
   778 | D:2      | Succumbed to an adder's poison

Skill      XL: |  1  2 |
---------------+-------+-----
Dodging        | 2 |  2.1
Fighting       | 1 |  1.2
Stealth        | |  1.7
Spellcasting   | |  2.0
Conjurations   | |  1.7
Fire Magic     | |  3.4

Action                   || total
-------------------------++-------
Melee: Dagger            ||    58
       Tailslap          ||     5
 Cast: Flame Tongue      ||    19
  Use: Potion            ||     1
       Scroll            ||     1
 Stab: Sleeping          ||     1
Armor: Skin              ||    19
Dodge: Dodged            ||    38
